 Dungeon Crawl Stone Soup version 0.26-a0-663-g36e8fdb655 (webtiles) character file.

Game seed: 13509810514379034150

10 looop the Chiller (level 2, 19/19 HPs)
             Began as a Demonspawn Ice Elementalist on Oct 12, 2020.
             Quit the game on level 1 of the Dungeon.
             The game lasted 00:01:13 (632 turns).

looop the Chiller (Demonspawn Ice Elementalist)      Turns: 632, Time: 00:01:13

Health: 19/19      AC:  2    Str:  8    XL:     2   Next: 10%
Magic:  5/5        EV: 12    Int: 16    God:
Gold:   30         SH:  0    Dex: 13    Spells: 4/5 levels left

rFire    . . .     SeeInvis .   (no weapon)
rCold    . . .     Faith    .   (no shield)
rNeg     . . .     Spirit   .   a - +0 robe
rPois    .         Reflect  .   (no helmet)
rElec    .         Harm     .   (no cloak)
rCorr    .         Rampage  .   (no gloves)
MR       .....                  (no boots)
Stlth    ++........             (no amulet)
HPRegen  0.06/turn              (no ring)
MPRegen  0.09/turn              (no ring)

@: no status effects
A: rot immunity
a: no special abilities


You were on level 1 of the Dungeon.
You visited 1 branch of the dungeon, and saw 1 of its levels.

You collected 30 gold pieces.

Inventory:

Armour
 a - a +0 robe (worn)
Scrolls
 c - 2 scrolls of remove curse {unknown}
Potions
 b - a potion of heal wounds {unknown}


   Skills:
 - Level 1.7 Dodging
 - Level 1.7 Stealth
 + Level 2.2 Spellcasting
 * Level 3.9 Ice Magic


You had 4 spell levels left.
You knew the following spells:

 Your Spells              Type           Power        Failure   Level
a - Freeze                Ice            ##..         4%          1

Your spell library contained the following spells:

 Spells                   Type           Power        Failure   Level
 Frozen Ramparts          Ice            ##....       12%         3
 Ozocubu's Armour         Ice            ##......     12%         3
 Hailstorm                Conj/Ice       #.......     65%         4
 Summon Ice Beast         Ice/Summ       #.......     65%         4


Dungeon Overview and Level Annotations

Branches:
Dungeon (1/15)

Altars:


Innate Abilities, Weirdness & Mutations

You are immune to rotting.


Message History

Confirm with . or Enter, or press ? or * to list all spells.
Aiming: Freeze (safe; 4% risk of failure)
Press: ? - help, Shift-Dir - straight line, f/p - dart slug
Aim: a dart slug (heavily wounded)
You freeze the dart slug!
You kill the dart slug!
You have reached level 2!
Your demonic ancestry asserts itself...
You feel immune to rotting.
You now have 30 gold pieces (gained 10).
A bat comes into view.
Are you sure you want to abandon this character and quit the game? (Confirm with "yes".)
Okay, then.
Unknown command.
Are you sure you want to abandon this character and quit the game? (Confirm with "yes".)
Okay, then.
Are you sure you want to abandon this character and quit the game? (Confirm with "yes".)
Okay, then.
Unknown command.
Are you sure you want to abandon this character and quit the game? (Confirm with "yes".)

..#.###.########
.........#
..####...#######
##................
#.b...##..##......
#.###.##..##.##### #.#
#..#..##.#
##.###.....##.#
#.@........##.#
#.#.##........#
#.#.###.#.#####
....###.#.#########
....................
......###########....
....#################.
....# ###.......### ##
..# ##...........## #


You could see a bat (asleep).

Vanquished Creatures
  2 dart slugs (D:1)
  A leopard gecko (D:1)
  A goblin (D:1)
  A kobold (D:1)
  2 rats (D:1)
7 creatures vanquished.

Notes
Turn   | Place    | Note
-------+----------+-------------------------------------------
     0 | D:1      | looop the Demonspawn Ice Elementalist began the quest for
                  | the Orb.
     0 | D:1      | Reached XP level 1. HP: 13/13 MP: 3/3
   422 | D:1      | Gained mutation: You are immune to rotting. [demonic
                  | ancestry]
   422 | D:1      | Reached XP level 2. HP: 10/19 MP: 1/5
   632 | D:1      | Quit the game

Illustrated notes

Levels and vault maps discovered:
D:1:      dpeg_arrival_concentric_ovals, layout_loops_ring

Action                   || total
-------------------------++-------
 Cast: Freeze            ||    10
Dodge: Dodged            ||     5

Table legend: (Time is in decaauts)
 A = Elapsed time spent in this place.
 B = Non-inter-level travel time spent in this place.
 C = Inter-level travel time spent in this place.
 D = Time resting spent in this place.
 E = Time spent auto-exploring this place.
 F = Levels seen in this place.
 G = Mean time per level.
                   A        B        C        D        E       F      G
               +--------+--------+--------+--------+--------+-----+--------+
         Total |    632 |    632 |      0 |      0 |    583 |   1 |  632.0 |
       Dungeon |    632 |    632 |      0 |      0 |    583 |   1 |  632.0 |
               +--------+--------+--------+--------+--------+-----+--------+

Top non-repeatable levels by time:
     D:1: 632 daAuts
